 Dungeon Crawl Stone Soup version 0.31.0-12-g77e489cdc1 (webtiles) character file.

Game seed: 5764759495680791035

5203 ruxi the Fighter (level 10, -9/84 HPs)
             Began as a Barachi Monk on Feb 18, 2024.
             Was a High Priest of Qazlal.
             Mangled by a yak (10 damage)
             ... on level 1 of the Lair of Beasts.
             The game lasted 00:49:26 (4457 turns).

ruxi the Fighter (Barachi Monk)                     Turns: 4457, Time: 00:49:26

Health: -9/84      AC: 16    Str: 17    XL:     10   Next: 60%
Magic:  7/13       EV: 15    Int: 11    God:    Qazlal [*****.]
Gold:   405        SH: 12    Dex: 14    Spells: 9/9 levels left

rFire   . . .        n - +0 rapier (vamp)
rCold   . . .        f - +0 buckler
rNeg    . . .        M - +0 steam dragon scales
rPois   .            (no helmet)
rElec   .            l - +2 cloak
rCorr   .            F - +2 pair of gloves
SInv    .            (no boots)
Will    +....        C - amulet of regeneration
Stlth   +            q - ring of willpower
HPRegen 1.14/turn    (no ring)
MPRegen 0.13/turn

%: repel missiles
@: protected from physical damage, hasted, invisible, quick
A: amphibious, slowness 1, strong legs 1, +LOS
a: Hop, Renounce Religion, Upheaval, Elemental Force, Disaster Area


You were on level 1 of the Lair of Beasts.
You worshipped Qazlal.
Qazlal was extremely pleased with you.
You visited 3 branches of the dungeon, and saw 13 of its levels.

You collected 405 gold pieces.

Inventory:

Hand Weapons
 n - a +0 vampiric rapier (weapon)
 y - a +1 dagger of distortion
 A - a +0 sling
 I - a +0 falchion of holy wrath
 L - a +0 shortbow
 O - a +0 orcbow
Missiles
 e - 53 stones
 D - 2 boomerangs
 E - 2 throwing nets
Armour
 d - an orb of light
 f - a +0 buckler (worn)
 l - a +2 cloak (worn)
 v - a +1 ring mail of fire resistance
 F - a +2 pair of gloves (worn)
 M - +0 steam dragon scales (worn)
Magical Staves
 B - a staff of cold
 K - a staff of fire
 N - a staff of air
Jewellery
 q - a ring of willpower (left hand)
 C - an amulet of regeneration (around neck)
 G - an amulet of guardian spirit
Wands
 k - a wand of flame (11)
Scrolls
 a - a scroll of revelation {unknown}
 b - 4 scrolls of torment {unknown}
 g - 4 scrolls of identify
 j - 2 scrolls of enchant armour {unknown}
 o - 3 scrolls of teleportation
 p - a scroll of poison {unknown}
 s - 3 scrolls of blinking {unknown}
 t - 2 scrolls of fog {unknown}
 u - 2 scrolls of immolation {unknown}
 H - a scroll of acquirement {unknown}
 J - a scroll of silence {unknown}
 R - a scroll of enchant weapon {unknown}
 S - a scroll of fear {unknown}
Potions
 c - a potion of ambrosia
 h - 2 potions of haste
 i - 5 potions of curing
 m - 4 potions of mutation
 r - a potion of might
 w - a potion of degeneration {unknown}
 z - a potion of lignification
 Q - a potion of enlightenment {unknown}
Miscellaneous
 P - a lightning rod (4/4)


   Skills:
 + Level 9.7 Fighting
 + Level 6.4 Short Blades
 - Level 3.0 Ranged Weapons
 * Level 8.5 Armour
 - Level 7.3 Dodging
 - Level 5.0 Shields
 * Level 4.6 Invocations
 + Level 2.6 Evocations


You had 9 spell levels left.
You didn't know any spells.
Your spell library contained the following spells:

 Spells                   Type           Power      Damage    Failure   Level
 Summon Small Mammal      Summ           0%         N/A       41%         1
 Ensorcelled Hibernation  Hex/Ice        0%         N/A       56%         2
 Call Canine Familiar     Summ           0%         N/A       80%         3
 Fugue of the Fallen      Necr           0%         N/A       80%         3
 Summon Ice Beast         Ice/Summ       0%         N/A       80%         3
 Volatile Blastmotes      Fire/Tloc      0%         2d10      80%         3
 Anguish                  Hex/Necr       0%         N/A       99%         4
 Fulminant Prism          Conj/Alch      0%         3d5       99%         4
 Iskenderun's Mystic Bla  Conj/Tloc      0%         2d3       99%         4
 Summon Blazeheart Golem  Fire/Summ      0%         N/A       99%         4
 Summon Mana Viper        Hex/Summ       0%         N/A       100%        5
 Monstrous Menagerie      Summ           0%         N/A       100%        7


Dungeon Overview and Level Annotations

Branches:
Dungeon (11/15)            Temple (1/1) D:4            Lair (1/5) D:10
    Orc: D:9-12

Altars:
Ashenzari
Cheibriados
Dithmenos
Elyvilon
Fedhas
Gozag
Kikubaaqudgha
Makhleb
Nemelex Xobeh
Qazlal
Trog
Uskayaw
Wu Jian
Xom
Yredelemnul
Zin
The Shining One

Annotations:
D:8 Maurice
D:9 3 runed translucent doors, nocore's ghost, novice DsBr


Innate Abilities, Weirdness & Mutations

You are amphibious.
You cover ground slowly.
You can hop short distances.
You have an extended range of vision and can be seen from far away.


Message History

You hit the black mamba.
You feel better.
The black mamba is lightly wounded.
The black mamba is engulfed in a thunderstorm.
You block the black mamba's attack.
You strike the helpless black mamba from behind!
You puncture the black mamba!
You feel better.
The black mamba is almost dead.
The yak gores you!
* * * LOW HITPOINT WARNING * * *
The polar bear is engulfed in blazing flames.
You block the polar bear's attack. x2; The polar bear barely misses you.
The yak barely misses you.
The yak is engulfed in freezing vapours.
The black mamba is engulfed in a thunderstorm.
You kill the black mamba!
Qazlal accepts your kill.
You hear a croak.
You hear an angry hiss.
The polar bear is engulfed in blazing flames.
You kill the polar bear!
Qazlal accepts your kill.
You hit the yak.
You feel better.
The yak is heavily wounded.
The bullfrog gives a loud, deep croak!
You hear an angry hiss.
You hit the yak.
The yak is severely wounded.
The yak gores you!
* * * LOW HITPOINT WARNING * * *
The yak is engulfed in freezing vapours.
The yak closely misses you.
The yak is engulfed in freezing vapours.
The yak barely misses you.
You hit the yak.
The yak is almost dead.
You hear an angry hiss.
The yak completely misses you.
The yak is engulfed in freezing vapours.
The yak closely misses you.
The yak is engulfed in freezing vapours.
The yak gores you!
You die...

.......#....#...... ....
..................... ...
......................###.
.............$............
................. #.....
............... .##.....
.........°.○.# ...........
......°.Y..°#........../..
.......§Y@...?...........$
#......YY................
#...?......§........P.....
...#........F.?....###....
. #.............. #.....
................ .$....
...#...##........# .......
#. ##.. #........# ..^.# #
P.. .........# ....


You could see 4 yaks and a bullfrog (wandering, unable to see you).

Vanquished Creatures
  Pikel (D:8)
  A black mamba (Lair:1)
  An elephant (Lair:1)
  A polar bear (Lair:1)
  A hornet (D:11)
  A wraith (D:9)
  A yak (Lair:1)
  2 steam dragons
  4 vampire mosquitoes (D:9)
  Menkaure (D:7)
  3 water moccasins
  Duvessa (D:4)
  An orc warrior (D:7)
  A centaur (D:8)
  A phantom (D:4)
  4 bullfrogs
  2 scorpions
  2 gnoll sergeants
  5 wights
  Dowan (D:4)
  2 howler monkeys
  2 electric eels (D:7)
  2 gnoll boudas
  4 orc priests
  A bombardier beetle (D:3)
  3 hounds
  A jelly (D:7)
  4 sleepcaps
  Jessica (D:3)
  3 orc wizards
  An iguana (D:4)
  15 gnolls
  7 adders
  2 shadow imps
  A ribbon worm (D:2)
  4 dart slugs
  16 orcs
  A bat (D:2)
  2 bat zombies (D:3)
  6 endoplasms
  3 giant cockroaches
  9 goblins
  12 hobgoblins
  6 jackals
  2 quokkas
  6 ball pythons
  3 frilled lizards
  2 frilled lizard zombies (D:3)
  5 kobolds
  7 rats
168 creatures vanquished.

Notes
Turn   | Place    | Note
-------+----------+-------------------------------------------
     0 | D:1      | ruxi the Barachi Monk began the quest for the Orb.
     0 | D:1      | Reached XP level 1. HP: 18/18 MP: 1/1
   110 | D:1      | Noticed a shining eye
   113 | D:1      | Found a faded altar of an unknown god.
   115 | D:1      | Noticed a glass eye
   115 | D:1      | Noticed a glass eye
   116 | D:1      | Noticed a golden eye
   124 | D:1      | Prayed at the altar of an unknown god.
   124 | D:1      | Became a worshipper of Qazlal Stormbringer
   124 | D:1      | Reached * piety under Qazlal
   124 | D:1      | Reached ** piety under Qazlal
   266 | D:1      | Reached skill level 4 in Fighting
   268 | D:1      | Reached XP level 2. HP: 25/25 MP: 2/2
   300 | D:1      | Reached *** piety under Qazlal
   311 | D:1      | Reached XP level 3. HP: 12/31 MP: 3/3
   738 | D:3      | Reached skill level 5 in Fighting
   738 | D:3      | Reached skill level 1 in Armour
   738 | D:3      | Reached XP level 4. HP: 28/39 MP: 4/4
  1185 | D:2      | Reached XP level 5. HP: 41/44 MP: 5/5
  1333 | D:3      | Noticed Jessica
  1431 | D:2      | Reached **** piety under Qazlal
  1679 | D:3      | Found an ancient bone altar of Kikubaaqudgha.
  1733 | D:3      | Killed Jessica
  1734 | D:3      | Reached skill level 1 in Shields
  1770 | D:4      | Reached skill level 5 in Short Blades
  1796 | D:4      | Reached XP level 6. HP: 51/51 MP: 6/6
  1960 | D:3      | Reached skill level 6 in Fighting
  2141 | D:4      | Reached XP level 7. HP: 24/59 MP: 7/7
  2207 | D:4      | Found a staircase to the Ecumenical Temple.
  2213 | Temple   | Entered the Ecumenical Temple
  2286 | D:4      | Noticed Dowan
  2316 | D:4      | Killed Dowan
  2321 | D:4      | Noticed Duvessa
  2387 | D:4      | Killed Duvessa
  2446 | D:4      | Found a blossoming altar of Fedhas.
  2466 | D:4      | Reached skill level 7 in Fighting
  2553 | D:4      | Found a stormy altar of Qazlal.
  2597 | D:5      | Entered Level 5 of the Dungeon
  2618 | D:5      | Reached skill level 1 in Ranged Weapons
  2618 | D:5      | Reached skill level 5 in Shields
  2835 | D:5      | Found an opulent altar of Gozag.
  2892 | D:5      | Found a shadowy altar of Dithmenos.
  3008 | D:5      | Found a burning altar of Makhleb.
  3059 | D:6      | Reached XP level 8. HP: 50/67 MP: 8/8
  3059 | D:6      | Reached ***** piety under Qazlal
  3072 | D:6      | Reached skill level 1 in Invocations
  3246 | D:7      | Found a glowing silver altar of Zin.
  3250 | D:7      | Found a glowing golden altar of the Shining One.
  3341 | D:7      | Noticed Menkaure
  3486 | D:7      | Killed Menkaure
  3597 | D:7      | Reached skill level 5 in Armour
  3626 | D:7      | Reached XP level 9. HP: 18/72 MP: 11/11
  3661 | D:8      | Noticed Pikel
  3686 | D:8      | Killed Pikel
  3687 | D:8      | Reached skill level 5 in Dodging
  3703 | D:8      | Reached skill level 8 in Fighting
  3824 | D:8      | Found a basalt altar of Yredelemnul.
  3826 | D:8      | Noticed Maurice
  4015 | D:9      | Reached skill level 9 in Fighting
  4015 | D:9      | Reached XP level 10. HP: 15/83 MP: 13/13
  4116 | D:9      | Found a runed translucent gate.
  4116 | D:9      | Found a runed translucent gate.
  4117 | D:9      | Noticed nocore's ghost (novice DsBr)
  4117 | D:9      | Found a runed translucent gate.
  4226 | D:10     | Entered Level 10 of the Dungeon
  4242 | D:9      | Reached skill level 1 in Evocations
  4277 | D:10     | Found a staircase to the Lair.
  4352 | D:11     | Noticed a two-headed ogre
  4410 | Lair:1   | Entered Level 1 of the Lair of Beasts
  4416 | Lair:1   | Noticed an elephant
  4416 | Lair:1   | Noticed an elephant
  4417 | Lair:1   | Noticed an elephant
  4419 | Lair:1   | Noticed an elephant
  4419 | Lair:1   | Noticed a cane toad
  4419 | Lair:1   | Noticed an elephant
  4420 | Lair:1   | Noticed an elephant
  4421 | Lair:1   | Noticed an elephant
  4422 | Lair:1   | Noticed an elephant
  4424 | Lair:1   | Noticed an elephant
  4425 | Lair:1   | Noticed an elephant
  4426 | Lair:1   | Noticed a cane toad
  4427 | Lair:1   | Noticed an elephant
  4431 | Lair:1   | Killed an elephant
  4432 | Lair:1   | HP: 4/83 [lava snake/glob of lava (21)]
  4443 | Lair:1   | Noticed a black mamba
  4453 | Lair:1   | Killed a black mamba
  4456 | Lair:1   | HP: 1/84 [yak (9)]
  4457 | Lair:1   | Mangled by a yak

Illustrated notes

Levels and vault maps discovered:
D:1:      dpeg_arrival_castle, layout_loops_ring,
          hellmonk_ecumenical_altar_watching_god, kennysheep_decorative_pillar
D:2:      layout_basic, cheibrodos_gnoll_hut
D:3:      layout_basic, lemuel_zombie_altar_kikubaaqudgha, uniq_jessica
D:4:      minmay_chambers_of_fours, layout_cave_pools, kennysheep_mini,
          nicolae_qazlal_general_emergency, minmay_temple_entry_enclosed_plants,
          amcnicky_mini_rare_corridor_liquid, uniq_duvessa
D:5:      layout_loops_ring, nicolae_dithmenos_through_a_glass_darkly,
          grunt_gozag_statues, lightli_temple_of_fire, eino_tiny_chamber,
          feat_on_display
D:6:      layout_basic
D:7:      layout_rooms, zin_scriptorium, mainiacjoe_overflow_24_doors,
          tso_altar, serial_bayou, serial_bayou_crossing, serial_bayou_ford_a,
          serial_bayou_pond_a, serial_bayou_lagoon_b, st_stairs_5,
          uniq_menkaure, uniq_crazy_yiuf_cottage
D:8:      layout_basic, mainiacjoe_overflow_concentric_impassable,
          lemuel_doored_altar, nzn_hepliaklqana_mist_gate, uniq_pikel,
          uniq_maurice, uniq_jeremiah
D:9:      layout_irregular_city, nicolae_vehumet_altar_sigil,
          biasface_ghost_orc_armoury
D:10:     layout_roguey [special_room_orc], marbit_many_paths, lair_entry_dummy,
          nicolae_titane
D:11:     layout_stronghold, david_orc_2, hellmonk_ghost_happy_afterlife
Temple:   nicolae_temple_ecumenical_triangle
Lair:1:   gammafunk_boulding_lane, layout_cave_shapes,
          nicolae_lair_liquid_snakes, serial_bayou_shore_a

Skill      XL: |  1  2  3  4  5  6  7  8  9 10 |
---------------+-------------------------------+-----
Fighting       | 4 5 6 7 9 |  9.7
Short Blades   | 4 5 6 |  6.4
Armour         | 1 2 3 5 7 8 |  8.5
Shields        | 1 3 5 |  5.0
Ranged Weapons | 1 3 |  3.0
Invocations    | 2 4 |  4.6
Dodging        | 4 6 7 |  7.3
Evocations     | 2 |  2.6

Action                     |  1- 3 |  4- 6 |  7- 9 | 10-12 || total
---------------------------+-------+-------+-------+-------++-------
  Melee: Short sword       |    92 |       |       |       ||    92
         Rapier            |    18 |   263 |   271 |    50 ||   602
         Falchion          |       |       |     2 |     6 ||     8
   Fire: Sling             |       |       |    44 |     3 ||    47
 Invoke: Disaster Area     |       |       |       |     1 ||     1
Ability: Hop               |       |     1 |     3 |     3 ||     7
    Use: Potion            |       |     1 |       |     3 ||     4
         Scroll            |       |       |       |     5 ||     5
   Stab: Invisible         |       |       |       |     5 ||     5
 Armour: Robe              |    23 |       |       |       ||    23
         Scale mail        |     7 |    40 |       |       ||    47
         Ring mail         |       |    84 |   134 |       ||   218
         Steam dragon scal |       |       |    63 |    60 ||   123
  Dodge: Dodged            |    29 |   115 |   166 |    67 ||   377
         Repelled          |       |       |     1 |       ||     1
  Block: Buckler           |    33 |   107 |   234 |    74 ||   448
